 Dungeon Crawl Stone Soup version 0.22.1-1-ga44c0e56f4 (webtiles) character file.

55136 KleinerIrrer the Fencer (level 14, -2/100 HPs)
             Began as an Octopode Fighter on Oct 20, 2018.
             Was a High Priest of Okawaru.
             Slain by an entropy weaver (10 damage)
             ... on level 5 of the Lair of Beasts.
             The game lasted 01:05:23 (26535 turns).

KleinerIrrer the Fencer (Octopode Fighter)         Turns: 26535, Time: 01:05:24

Health: -2/100     AC:  1    Str: 19    XL:     14   Next: 76%
Magic:  0/27       EV: 25    Int: 12    God:    Okawaru [*****.]
Gold:   1158       SH: 16    Dex: 18    Spells: 7/13 levels left

rFire    + . .     SeeInvis +   Z - +1 demon blade (venom)
rCold    . . .     Gourm    .   a - +1 shield {AC+3}
rNeg     . . .     Faith    .   S - +0 hat
rPois    +         Spirit   +   x - amulet of guardian spirit
rElec    .         Reflect  .   y - ring of protection from fire
rCorr    +         Harm     .   C - ring of Youthful Indiscretion {MP+9 Str+4 Dex+3}
MR       +....                  w - ring of stealth
Stlth    +++++.....             I - ring of poison resistance
HPRegen  0.26/turn              K - ring of resist corrosion
MPRegen  0.20/turn              W - ring of wizardry
                                (no ring)
                                (no ring)

@: heroism, finesse, corroded, hasted, very quick
A: almost no armour, stealthy swim, amphibious, 8 rings, constrict 8, rugged
brown scales 1, camouflage 1, see invisible, low mp 1, gelatinous body 1
a: Heroism, Finesse, Renounce Religion


You were on level 5 of the Lair of Beasts.
You worshipped Okawaru.
Okawaru was extremely pleased with you.
You were not hungry.

You visited 4 branches of the dungeon, and saw 21 of its levels.

You collected 1855 gold pieces.
You spent 697 gold pieces at shops.

Inventory:

Hand Weapons
 e - a +0 blowgun
 f - a +0 double sword of draining
 t - a +1 dagger of venom
 v - a +2 long sword of holy wrath
 Z - a +1 demon blade of venom (weapon)
Missiles
 c - 4 tomahawks of returning
 o - 24 tomahawks (quivered)
 s - 44 poisoned needles
Armour
 a - a +1 shield of protection (worn)
 q - a +5 shield
 S - a +0 hat (worn)
Jewellery
 w - a ring of stealth (on tentacle)
 x - an amulet of guardian spirit (around mantle)
 y - a ring of protection from fire (left tentacle)
 C - the ring of Youthful Indiscretion (right tentacle) {MP+9 Str+4 Dex+3}
   (You found it on level 8 of the Dungeon)

   [ring of magical power]

   It affects your strength (+4).
   It affects your dexterity (+3).
   It affects your magic capacity (+9).
 I - a ring of poison resistance (on tentacle)
 K - a ring of resist corrosion (on tentacle)
 N - a +3 amulet of reflection
 Q - an uncursed amulet of the acrobat
 W - a ring of wizardry (on tentacle)
Wands
 B - a wand of flame (42)
 H - a wand of acid (5)
 L - a wand of polymorph (26)
 O - a wand of disintegration (11)
 R - a wand of scattershot (4)
 U - a wand of digging (7)
 X - a wand of clouds (4)
Scrolls
 i - 4 scrolls of teleportation
 l - 6 scrolls of magic mapping
 m - 11 scrolls of remove curse
 A - 4 scrolls of amnesia
 D - 4 scrolls of identify
 J - 3 scrolls of enchant armour
 M - 2 scrolls of fear
 T - a scroll of silence
 V - 3 scrolls of acquirement
 Y - a scroll of enchant weapon
Potions
 b - 2 potions of ambrosia
 g - a potion of lignification
 h - 4 potions of resistance
 j - 6 potions of flight
 k - 3 potions of haste
 n - a potion of invisibility
 p - 4 potions of brilliance
 r - 2 potions of magic
 u - 3 potions of agility
 E - 7 potions of curing
 F - a potion of cancellation
 G - 3 potions of mutation
 P - a potion of berserk rage
Comestibles
 d - 26 rations
 z - a chunk of flesh


   Skills:
 + Level 9.8(14.8) Fighting
 + Level 15.8(20.8) Long Blades
 + Level 9.6(14.6) Dodging
 + Level 11.3(16.3) Shields
 * Level 4.7 Transmutations
 * Level 3.1 Earth Magic
 - Level 8.1 Invocations
 * Level 3.8 Evocations


You had 7 spell levels left.
You knew the following spells:

 Your Spells              Type           Power        Failure   Level  Hunger
a - Statue Form           Tmut/Erth      #........    98%         6    #######

Your spell library contained the following spells:

 Spells                   Type           Power        Failure   Level  Hunger
 Flame Tongue             Conj/Fire      #....        13%         1    ##.....
 Blink                    Tloc           N/A          21%         2    ###....
 Poisonous Vapours        Pois/Air       #.....       21%         2    ###....
 Shroud of Golubria       Chrm/Tloc      #.........   21%         2    ###....
 Throw Flame              Conj/Fire      #.....       21%         2    ###....
 Conjure Flame            Conj/Fire      #.......     36%         3    ####...
 Gell's Gravitas          Tloc           #.........   36%         3    ####...
 Inner Flame              Hex/Fire       #.......     36%         3    ####...
 Lesser Beckoning         Tloc           #.........   36%         3    ####...
 Mephitic Cloud           Conj/Pois/Air  #.......     36%         3    ####...
 Teleport Other           Tloc           #.......     36%         3    ####...
 Passage of Golubria      Tloc           N/A          75%         4    #####..
 Sticky Flame             Conj/Fire      #.......     75%         4    #####..
 Irradiate                Conj/Tmut      #.........   77%         5    ######.
 Hydra Form               Tmut           ##........   94%         6    #######
 Fireball                 Conj/Fire      #.........   97%         5    ######.
 Freezing Cloud           Conj/Ice/Air   #.........   100%        6    #######
 Dragon Form              Tmut           ##........   100%        7    #######
 Ring of Flames           Chrm/Fire      #.........   100%        7    #######


Dungeon Overview and Level Annotations

Branches:
Dungeon (13/15)            Temple (1/1) D:6            Lair (5/6) D:10
  Swamp (0/4) Lair:3       Spider (0/4) Lair:4        Slime (0/5) Lair:5
    Orc (2/2) D:10            Elf (0/3) Orc:2
 Vaults: D:13-14

Altars:
Ashenzari
Cheibriados
Dithmenos
Elyvilon
Gozag
Hepliaklqana
Kikubaaqudgha
Makhleb
Nemelex Xobeh
Okawaru
Qazlal
Ru
Sif Muna
Trog
Uskayaw
Vehumet
Xom
Yredelemnul
Zin
The Shining One
Jiyva

Shops:
D:7 }   Orc:1 *   Orc:2 !%:(

Portals:
Pandemonium: Orc:2

Annotations:
D:9 exclusion: obsidian statue


Innate Abilities, Weirdness & Mutations

You cannot wear most types of armour.
You are very stealthy in the water. (Stealth+)
You are amphibious.
You can wear up to eight rings at the same time.
You can use your tentacles to constrict eight enemies at once.
Your skin changes colour to match your surroundings (Stealth+).
Your rubbery body absorbs attacks. (AC +1, EV +1)
You are partially covered in rugged brown scales. (AC +1, +3% HP)
You have supernaturally acute eyesight. (SInv)
Your magical capacity is low. (-10% MP)


Message History

You constrict the entropy weaver. You constrict the worker ant.
The soldier ant closely misses you. You block the worker ant's attack.
The worker ant misses you. The entropy weaver hits you.
* * * LOW HITPOINT WARNING * * *
The entropy weaver hits you!
* * * LOW HITPOINT WARNING * * *
You block the entropy weaver's attack. x2; The entropy weaver hits you.
* * * LOW HITPOINT WARNING * * *
You block the entropy weaver's attack. The entropy weaver misses you.
The entropy weaver completely misses you.
A soldier ant comes into view.
A wolf comes into view.
Okay, then.
You feel better.
You constrict the soldier ant. You constrict the entropy weaver.
You constrict the worker ant.
A wolf comes into view.
You block the soldier ant's attack. The worker ant bites you!
* * * LOW HITPOINT WARNING * * *
You block the worker ant's attack. You block the entropy weaver's attack.
The entropy weaver hits you!
You die...

..............#
.h.............##
.h..............#
P#............#.#
##............##
#............P#
#.............#
#....aa.......#
#.aa@a......#
#.aa##aP...##
#.a. #..#.#.#
#..####..#..####
#.#..#.#.a....#.#
a. #.P.aPPaa#.#.#
...#.Pa.a.a....##
.!..
#.#...........# #


aa. #......[....?#.#... You could see 2 entropy weavers, 3 soldier ants, 2
wolves and 5 worker ants.

Vanquished Creatures
  Erolcha (D:9)
  3 hydras
  A centaur warrior (D:13)
  3 death yaks (Lair:4)
  3 two-headed ogres
  7 orc high priests (Orc:2)
  Sonja (Lair:2)
  Nergalle (Orc:1)
  A sixfirhy (Orc:2)
  2 unseen horrors
  A wizard (D:11)
  2 torturous demonspawn (Orc:2)
  7 orc sorcerers (Orc:2)
  4 ugly things
  A manticore (D:11)
  5 orc knights
  2 cyclopes (D:11)
  An oklob plant (Lair:4)
  Joseph (D:9)
  A black mamba (Lair:4)
  A rust devil (Orc:2)
  Maurice (Orc:1)
  An orange demon (Orc:2)
  A spiny frog (Lair:4)
  9 komodo dragons
  A kobold demonologist (D:12)
  A rime drake (Lair:3)
  7 trolls
  3 meliai (D:13)
  Prince Ribbit (D:9)
  8 blink frogs
  11 hippogriffs
  A spriggan (D:8)
  A wyvern (Lair:4)
  31 yaks
  2 vampire mosquitoes (D:12)
  3 hungry ghosts
  2 basilisks (Lair:1)
  2 wargs
  A soldier ant (Lair:5)
  3 acid dragons
  12 water moccasins
  8 porcupines
  27 orc warriors
  A hornet zombie (D:10)
  2 ice beasts
  4 sky beasts
  2 black bears (D:9)
  A black bear (shapeshifter) (D:12)
  7 necrophages
  A phantom (D:4)
  11 ogres
  3 wolves (Lair:2)
  8 crocodiles
  12 centaurs
  3 big kobolds
  15 bullfrogs
  3 wyvern zombies
  2 wyvern skeletons
  5 scorpions
  4 killer bees (D:11)
  3 wights (D:13)
  5 electric eels
  A bullfrog zombie (D:7)
  6 crimson imps
  3 centaur zombies
  25 orc priests
  A bullfrog skeleton (D:5)
  4 hounds
  Crazy Yiuf (D:4)
  2 centaur skeletons (D:7)
  20 orc wizards
  15 iguanas
  14 worker ants
  A hound skeleton (D:4)
  2 hound zombies
  5 adders
  4 gnolls (D:3)
  7 shadow imps
  An adder skeleton (D:7)
  5 worms
  3 dart slugs
  6 leopard geckos
  76 orcs
  2 ball pythons
  3 bats
  5 giant cockroaches
  11 goblins
  10 hobgoblins
  15 jackals
  4 quokkas
  6 frilled lizards
  19 kobolds
  A leopard gecko skeleton (D:8)
  2 rats (D:3)
  A plant (Lair:4)
559 creatures vanquished.

Vanquished Creatures (others)
  An unseen horror (D:12)
  A warg (Orc:2)
  2 fungi
4 creatures vanquished.

Grand Total: 563 creatures vanquished

Notes
Turn   | Place    | Note
-------+----------+-------------------------------------------
     0 | D:1      | KleinerIrrer the Octopode Fighter began the quest for the
                  | Orb.
     0 | D:1      | Reached XP level 1. HP: 16/16 MP: 1/1
   230 | D:1      | Reached XP level 2. HP: 17/21 MP: 2/2
   432 | D:1      | Reached XP level 3. HP: 21/26 MP: 3/3
  1255 | D:2      | Reached XP level 4. HP: 17/31 MP: 4/4
  1935 | D:3      | Reached skill level 3 in Long Blades
  2076 | D:3      | Reached XP level 5. HP: 37/37 MP: 5/5
  2768 | D:4      | Reached skill level 4 in Long Blades
  3028 | D:4      | Noticed an ogre
  3035 | D:4      | Killed an ogre
  3035 | D:4      | Reached XP level 6. HP: 43/43 MP: 6/6
  3118 | D:4      | Found a runed door.
  3144 | D:4      | Noticed a phantom
  3166 | D:4      | Killed a phantom
  3166 | D:4      | Reached skill level 5 in Long Blades
  3758 | D:4      | Reached XP level 7. HP: 47/47 MP: 7/7
  3887 | D:4      | Found a shadowy altar of Dithmenos.
  4117 | D:4      | Noticed Crazy Yiuf
  4122 | D:4      | Killed Crazy Yiuf
  4122 | D:4      | Reached skill level 6 in Long Blades
  4169 | D:5      | Entered Level 5 of the Dungeon
  4177 | D:5      | Found a glowing golden altar of the Shining One.
  4180 | D:5      | Found a burning altar of Makhleb.
  4597 | D:5      | Reached skill level 7 in Long Blades
  5050 | D:5      | Reached XP level 8. HP: 31/54 MP: 8/8
  5558 | D:5      | Reached skill level 8 in Long Blades
  5983 | D:6      | Found a staircase to the Ecumenical Temple.
  5997 | Temple   | Entered the Ecumenical Temple
  6210 | Temple   | Became a worshipper of Warmaster Okawaru
  6493 | D:6      | Reached skill level 9 in Long Blades
  6867 | D:7      | Found Ykurghur's Gadget Boutique.
  6912 | D:7      | Reached XP level 9. HP: 54/60 MP: 7/9
  7075 | D:7      | Reached skill level 5 in Fighting
  7075 | D:7      | Reached skill level 5 in Shields
  7103 | D:7      | Found a radiant altar of Vehumet.
  7346 | D:7      | Reached * piety under Okawaru
  7346 | D:7      | Reached skill level 5 in Dodging
  7635 | D:8      | Gained mutation: You are frail. (-10% HP) [potion of
                  | mutation]
  7635 | D:8      | Gained mutation: You occasionally shout uncontrollably at
                  | your foes. [potion of mutation]
  7635 | D:8      | Gained mutation: Your spells are a little harder to cast,
                  | but a little more powerful. [potion of mutation]
  7636 | D:8      | Lost mutation: You are frail. (-10% HP) [potion of
                  | mutation]
  7636 | D:8      | Lost mutation: You occasionally shout uncontrollably at
                  | your foes. [potion of mutation]
  7636 | D:8      | Lost mutation: Your spells are a little harder to cast, but
                  | a little more powerful. [potion of mutation]
  7636 | D:8      | Gained mutation: Scrolls take you a little longer to read.
                  | [potion of mutation]
  7636 | D:8      | Gained mutation: You are clumsy. (Dex -2) [potion of
                  | mutation]
  7636 | D:8      | Gained mutation: You are occasionally teleported next to
                  | monsters. [potion of mutation]
  7636 | D:8      | Gained mutation: One of your tentacles bears a spike.
                  | [potion of mutation]
  7637 | D:8      | Lost mutation: One of your tentacles bears a spike. [potion
                  | of mutation]
  7637 | D:8      | Lost mutation: You are clumsy. (Dex -2) [potion of
                  | mutation]
  7637 | D:8      | Lost mutation: Scrolls take you a little longer to read.
                  | [potion of mutation]
  7637 | D:8      | Lost mutation: You are occasionally teleported next to
                  | monsters. [potion of mutation]
  7637 | D:8      | Gained mutation: Your magical capacity is low. (-10% MP)
                  | [potion of mutation]
  7637 | D:8      | Gained mutation: You are partially covered in rugged brown
                  | scales. (AC +1, +3% HP) [potion of mutation]
  7637 | D:8      | Gained mutation: You have supernaturally acute eyesight.
                  | (SInv) [potion of mutation]
  7915 | D:8      | Reached skill level 10 in Long Blades
  8134 | D:8      | Got a wavering marble ring
  8135 | D:8      | Identified the ring of Youthful Indiscretion {MP+9 Str+4
                  | Dex+3} (You found it on level 8 of the Dungeon)
  8272 | D:8      | Found a shimmering altar of Xom.
  8603 | D:9      | Noticed Erolcha
  8614 | D:9      | Killed Erolcha
  8614 | D:9      | Reached ** piety under Okawaru
  8614 | D:9      | Reached *** piety under Okawaru
  8614 | D:9      | Reached skill level 11 in Long Blades
  8614 | D:9      | Reached XP level 10. HP: 41/70 MP: 9/9
  8995 | D:9      | Noticed Joseph
  9010 | D:9      | Killed Joseph
  9010 | D:9      | Reached skill level 1 in Invocations
  9224 | D:9      | Noticed an obsidian statue
  9887 | D:9      | Noticed Prince Ribbit
  9897 | D:9      | Killed Prince Ribbit
 10185 | D:10     | Entered Level 10 of the Dungeon
 10325 | D:10     | Reached **** piety under Okawaru
 11073 | D:10     | Found a staircase to the Orcish Mines.
 11114 | D:10     | Found a staircase to the Lair.
 11292 | D:10     | Reached skill level 12 in Long Blades
 11529 | Orc:1    | Entered Level 1 of the Orcish Mines
 11529 | Orc:1    | Noticed an orc knight
 11565 | D:10     | Killed an orc knight
 11565 | D:10     | Reached XP level 11. HP: 53/75 MP: 7/12
 12120 | Orc:1    | Found Lociaquko's Assorted Antiques.
 12171 | Orc:1    | Noticed Nergalle
 12186 | Orc:1    | Killed Nergalle
 12186 | Orc:1    | Reached ***** piety under Okawaru
 12319 | Orc:1    | Noticed a two-headed ogre
 12339 | Orc:1    | Killed a two-headed ogre
 12414 | Orc:1    | Received a gift from Okawaru
 12475 | Orc:1    | Got a spiked buckler {god gift}
 12486 | Orc:1    | Identified the +0 buckler "Tonn" {-Cast Str+5} (Okawaru
                  | gifted it to you on level 1 of the Orcish Mines)
 12523 | Orc:1    | Noticed Maurice
 12535 | Orc:1    | Killed Maurice
 12826 | Orc:2    | Entered Level 2 of the Orcish Mines
 13326 | Orc:2    | Found a staircase to the Elven Halls.
 13415 | Orc:2    | Noticed an orc high priest
 13421 | Orc:2    | Noticed an orc high priest
 13425 | Orc:2    | Noticed an orc sorcerer
 13440 | Orc:2    | HP: 3/76 [warg (15)]
 13635 | Orc:2    | Reached skill level 13 in Long Blades
 13725 | Orc:2    | Killed an orc high priest
 13775 | Orc:2    | Killed an orc sorcerer
 13775 | Orc:2    | Reached skill level 5 in Invocations
 13811 | Orc:2    | Noticed a sun demon
 13813 | Orc:2    | Killed an orc high priest
 14372 | Orc:2    | Noticed an orc knight
 14403 | Orc:2    | Killed an orc knight
 14403 | Orc:2    | Reached XP level 12. HP: 72/83 MP: 14/14
 14568 | Orc:2    | Found Qes Furgh's Food Shoppe.
 14582 | Orc:2    | Found Demuing's Distillery.
 15038 | Orc:2    | Noticed an orc high priest
 15103 | Orc:2    | Bought 2 potions of heal wounds for 120 gold pieces
 15103 | Orc:2    | Bought a potion of heal wounds for 60 gold pieces
 15103 | Orc:2    | Bought a potion of heal wounds for 60 gold pieces
 15140 | Orc:2    | Killed an orc high priest
 15156 | Orc:2    | Paralysed by an orc sorcerer for 4 turns
 15175 | Orc:2    | Reached skill level 14 in Long Blades
 15177 | Orc:2    | Noticed an orc high priest
 15510 | Orc:2    | Killed an orc high priest
 16191 | Orc:2    | Noticed an orc high priest
 16395 | Orc:2    | Killed an orc high priest
 16498 | Orc:2    | Noticed an orc high priest
 16499 | Orc:2    | Noticed an orc high priest
 16533 | Orc:2    | Found Zaneffat's Antique Weapon Boutique.
 16533 | Orc:2    | Found a one-way gate leading to the halls of Pandemonium.
 16533 | Orc:2    | Found Duepulyl's Book Shop.
 16547 | Orc:2    | Killed an orc high priest
 16552 | Orc:2    | Killed an orc high priest
 16559 | Orc:2    | Reached XP level 13. HP: 90/90 MP: 16/16
 16567 | Orc:2    | Bought a runed long sword for 169 gold pieces
 16611 | Orc:2    | Bought a potion of curing for 36 gold pieces
 16611 | Orc:2    | Bought a potion of curing for 36 gold pieces
 16611 | Orc:2    | Bought a potion of curing for 36 gold pieces
 16611 | Orc:2    | Bought a potion of cancellation for 96 gold pieces
 16611 | Orc:2    | Bought a potion of flight for 36 gold pieces
 16611 | Orc:2    | Bought a potion of brilliance for 48 gold pieces
 16680 | Lair:1   | Entered Level 1 of the Lair of Beasts
 16816 | Lair:1   | Reached ****** piety under Okawaru
 16886 | Lair:1   | Received a gift from Okawaru
 17225 | D:11     | Reached skill level 15 in Long Blades
 17715 | D:11     | Received a gift from Okawaru
 18725 | D:11     | Reached skill level 10 in Shields
 18846 | D:11     | Learned a level 6 spell: Statue Form
 19088 | D:12     | Reached skill level 1 in Transmutations
 20592 | D:12     | You fall through a shaft!
 20848 | D:13     | Reached XP level 14. HP: 99/99 MP: 18/18
 21041 | D:13     | Received a gift from Okawaru
 21286 | D:13     | Reached skill level 1 in Evocations
 21783 | Lair:1   | Reached skill level 1 in Earth Magic
 23422 | Lair:2   | Noticed Sonja
 23495 | Lair:2   | Killed Sonja
 24696 | Lair:3   | Found a staircase to the Swamp.
 24779 | Lair:3   | Received a gift from Okawaru
 25299 | Lair:4   | Identified 2 scrolls of acquirement
 25529 | Lair:4   | Found a radiant altar of Vehumet.
 25592 | Lair:4   | Found a hole to the Spider Nest.
 26415 | Lair:5   | Found a viscous altar of Jiyva.
 26416 | Lair:5   | Found a staircase to the Slime Pits.
 26480 | Lair:5   | Received a gift from Okawaru
 26495 | Lair:5   | Noticed an entropy weaver
 26500 | Lair:5   | Noticed an entropy weaver
 26535 | Lair:5   | Slain by an entropy weaver

Skill      XL: |  1  2  3  4  5  6  7  8  9 10 11 12 13 14 |
---------------+-------------------------------------------+-----
Long Blades    | 3 4 5 7 9 11 12 13 14 15 | 15.8
Shields        | 4 6 7 8 9 10 11 | 11.3
Fighting       | 4 5 6 7 8 9 |  9.8
Dodging        | 4 5 6 7 8 9 |  9.6
Invocations    | 3 5 7 8 |  8.1
Transmutations | 2 4 |  4.7
Evocations     | 3 |  3.8
Earth Magic    | 3 |  3.1

Action                   |  1- 3 |  4- 6 |  7- 9 | 10-12 | 13-15 || total
-------------------------+-------+-------+-------+-------+-------++-------
Melee: Long sword        |    61 |    87 |   263 |   592 |   798 ||  1801
       Constrict         |    18 |    24 |    56 |    99 |   125 ||   322
       Tentacles         |    15 |    19 |    73 |   242 |   316 ||   665
       Dagger            |       |     8 |       |       |     2 ||    10
       Punch             |       |       |       |    15 |     8 ||    23
       Demon blade       |       |       |       |       |   139 ||   139
 Fire: Blowgun           |       |       |       |    17 |     3 ||    20
Throw: Tomahawk          |       |       |       |       |     2 ||     2
Invok: Heroism           |       |       |     1 |    13 |    11 ||    25
       Finesse           |       |       |       |     2 |     3 ||     5
Evoke: Wand              |       |       |       |       |    15 ||    15
  Use: Scroll            |       |     5 |    11 |     5 |    10 ||    31
       Potion            |       |       |     7 |    13 |     2 ||    22
 Stab: Sleeping          |     8 |     6 |    11 |     5 |    26 ||    56
       Distracted        |       |       |       |       |     2 ||     2
  Eat: Chunk             |     1 |     8 |    14 |    24 |    27 ||    74
       Ration            |       |       |     1 |       |     2 ||     3
Armor: Skin              |     2 |     1 |     5 |     8 |    25 ||    41
Dodge: Dodged            |    18 |    37 |    94 |   187 |   356 ||   692
Block: Shield            |    22 |    23 |   139 |   350 |   544 ||  1078
       Rpst.: Long sword |     3 |    12 |    28 |    35 |    76 ||   154
       Demon blade       |       |       |       |       |     8 ||     8
